[Event "Titled Tuesday Blitz May 03 Early 2022"]
[White "Martinez Alcantara, Jose Eduardo"]
[Black "Djordjevic, Vuk"]
[WhiteFideId "3805662"]
[BlackFideId "902098"]
[WhiteElo "2690"]
[BlackElo "2496"]
[Result "1-0"]
[Round "10"]
[TimeControl "180+1"]
[Date "2022.05.03"]
[WhiteClock "0:01:22"]
[BlackClock "0:00:01"]

1. e4 e6 2. d4 d5 3. Nc3 Bb4 4. e5 c5 5. a3 Bxc3+ 6. bxc3 Qa5 7. Bd2 Qa4 8. Qb1 c4 9. Nh3 Ne7 10. Nf4 Nbc6 11. Nh5 Rg8 12. g3 Bd7 13. Bh3 O-O-O 14. O-O Kb8 15. Qb2 Nc8 16. f4 N8e7 17. g4 h6 18. Rae1 g6 19. Nf6 Rh8 20. Bg2 Ng8 21. Qc1 Nxf6 22. exf6 h5 23. f5 gxf5 24. g5 h4 25. Bf4+ Ka8 26. h3 Qa5 27. Re3 Rdg8 28. Kh2 Rh5 29. Ref3 Nb8 30. Rg1 Be8 31. Bf1 Rhh8 32. Re3 Na6 33. g6 fxg6 34. Rxe6 Qxc3 35. Bg2 Bc6 36. Rd1 Re8 37. Re5 Rhf8 38. Rxe8+ Bxe8 39. Be5 Bc6 40. Qh6 Rc8 41. f7 Qxa3 42. Bg7 Qd6+ 43. Kh1 Nb8 44. f8=Q Rxf8 45. Bxf8 Qe6 46. Qxh4 b6 47. Re1 Qc8 48. Bd6 Na6 49. Qe7 1-0


[Site "https://www.chess.com"]

[Event "Titled Tuesday Blitz May 03 Early 2022"]
[White "Matinian, Nikita"]
[Black "Hansen, Eric"]
[WhiteFideId "24129100"]
[BlackFideId "2606771"]
[WhiteElo "2422"]
[BlackElo "2568"]
[Result "0-1"]
[Round "10"]
[TimeControl "180+1"]
[Date "2022.05.03"]
[WhiteClock "0:00:01"]
[BlackClock "0:00:32"]

1. e4 c5 2. Nc3 e6 3. Nf3 a6 4. d4 cxd4 5. Nxd4 Qc7 6. Be2 Nf6 7. O-O Bb4 8. Qd3 Nc6 9. Nxc6 bxc6 10. Bg5 d5 11. a3 Be7 12. Bf3 O-O 13. Rfe1 Bd8 14. b4 h6 15. Bh4 Nd7 16. Bg3 Qa7 17. exd5 cxd5 18. Nxd5 exd5 19. Qxd5 Nb6 20. Qe4 Bf6 21. Rad1 Be6 22. Bd6 Be7 23. Bxe7 Qxe7 24. Qd4 Rab8 25. c4 Rfd8 26. Qf4 Rxd1 27. Qxb8+ Qd8 28. Qxd8+ Rxd8 29. c5 Nc4 30. c6 Nxa3 31. c7 Rc8 32. Rc1 Nb5 0-1


[Site "https://www.chess.com"]

[Event "Titled Tuesday Blitz May 03 Early 2022"]
[White "Matveeva, Olga"]
[Black "Ovezdurdyyeva, Jemal"]
[WhiteFideId "24107018"]
[BlackFideId "14001888"]
[WhiteElo "2083"]
[BlackElo "1946"]
[Result "0-1"]
[Round "10"]
[TimeControl "180+1"]
[Date "2022.05.03"]
[WhiteClock "0:00:50"]
[BlackClock "0:00:44"]

1. d4 Nf6 2. c4 g6 3. Nf3 d5 4. cxd5 Nxd5 5. g3 Bg7 6. Bg2 O-O 7. O-O Bf5 8. Nc3 Nxc3 9. bxc3 c5 10. e3 Be4 11. a4 Nc6 12. Ba3 cxd4 13. cxd4 Qd5 14. Nh4 Bxg2 15. Nxg2 e5 16. Bxf8 Rxf8 17. dxe5 Qxe5 18. Rb1 b6 19. Qf3 Na5 20. Qf4 Qe6 21. Rfd1 Nc4 22. Rb4 Ne5 23. Ne1 Qa2 24. Nf3 Qe2 25. Nxe5 Qxd1+ 26. Kg2 Qd5+ 27. Nf3 Rc8 28. Qe4 Qa2 29. Nd4 Bf8 30. Rb5 Qxa4 31. Rd5 Bc5 32. h4 Bxd4 33. Rxd4 Qc6 34. Qxc6 Rxc6 35. Rd7 a5 36. Ra7 Kg7 37. Kf3 Kf6 38. g4 h6 39. Kf4 Rc4+ 40. e4 Rb4 41. g5+ hxg5+ 42. hxg5+ Ke6 43. f3 a4 44. Ke3 Rb3+ 45. Kf4 b5 46. Ra6+ Ke7 47. Ra7+ Kf8 48. e5 a3 49. Ke4 b4 50. f4 Rb2 51. e6 Re2+ 52. Kd5 Rxe6 53. Kc4 Re4+ 0-1


[Site "https://www.chess.com"]

[Event "Titled Tuesday Blitz May 03 Early 2022"]
[White "Melikhov, Evgeny V."]
[Black "Agasarov, Benik"]
[WhiteFideId "4122046"]
[BlackFideId "13314823"]
[WhiteElo "1931"]
[BlackElo "2528"]
[Result "1-0"]
[Round "10"]
[TimeControl "180+1"]
[Date "2022.05.03"]
[WhiteClock "0:00:26"]
[BlackClock "0:00:03"]

1. d4 d5 2. c4 e6 3. Nc3 Nf6 4. cxd5 exd5 5. Bg5 c6 6. Qc2 Bd6 7. e3 h6 8. Bh4 O-O 9. Bd3 a5 10. Nf3 Na6 11. a3 Qe7 12. O-O Bg4 13. Nd2 b5 14. Bg3 Bxg3 15. hxg3 h5 16. Ne2 Bxe2 17. Bxe2 Rac8 18. Qf5 g6 19. Qg5 Rc7 20. Rac1 Kg7 21. Nf3 Qe6 22. Ne5 Ne4 23. Qf4 g5 24. Qf3 f6 25. Nd3 Nd2 26. Qxh5 Nxf1 27. Rxf1 Rh8 28. Qg4 Qxg4 29. Bxg4 Kg6 30. f4 Re7 31. Kf2 Rhe8 32. Re1 Re4 33. Bf3 R4e7 34. Rc1 Rxe3 35. Rxc6 Rxd3 36. Rxa6 Rd2+ 37. Kg1 Rxd4 38. Rxa5 gxf4 39. gxf4 Rxf4 40. Rxb5 Re1+ 41. Kf2 Rc1 42. Rxd5 Rf5 43. Rd2 Rc4 44. b4 Kg5 45. Rb2 Rc3 46. b5 Rfc5 47. b6 Rc2+ 48. Rxc2 Rxc2+ 49. Kg3 Rb2 50. b7 f5 51. a4 f4+ 52. Kh2 Kf6 53. a5 Ke7 54. a6 Rxb7 55. axb7 1-0


[Site "https://www.chess.com"]

[Event "Titled Tuesday Blitz May 03 Early 2022"]
[White "Melikyan, Gnel"]
[Black "Lopez, Henry"]
[WhiteFideId "54109990"]
[BlackFideId "5203830"]
[WhiteElo "1772"]
[BlackElo "2177"]
[Result "0-1"]
[Round "10"]
[TimeControl "180+1"]
[Date "2022.05.03"]
[WhiteClock "0:01:11"]
[BlackClock "0:00:53"]

1. e4 e5 2. g3 g6 3. Bg2 Bg7 4. Nf3 c5 5. O-O Nc6 6. Nc3 Nge7 7. d3 O-O 8. Be3 d6 9. Qd2 Rb8 10. Bh6 b5 11. Bxg7 Kxg7 12. h4 h6 13. Nd1 Be6 14. Ne3 f5 15. exf5 gxf5 16. Rfe1 Qd7 17. c3 d5 18. d4 e4 19. Ne5 Nxe5 20. dxe5 d4 21. Nc2 d3 22. Ne3 Ng6 23. f4 exf3 24. Bxf3 f4 25. Ng4 Bxg4 26. e6 Bxe6 27. h5 fxg3 28. Re3 Nf4 29. Rae1 c4 30. Re4 Qd6 31. Rd4 Qc5 32. Qe3 Rf7 33. Be4 Qg5 34. Bf3 Bh3 35. Rd6 g2 36. Qd4+ Kg8 37. Bd5 Nxd5 38. Rg6+ Qxg6 39. hxg6 Rf1+ 40. Kh2 g1=Q+ 41. Qxg1 Rxg1 0-1


[Site "https://www.chess.com"]

[Event "Titled Tuesday Blitz May 03 Early 2022"]
[White "Meshkovs, Nikita"]
[Black "Bacrot, Etienne"]
[WhiteFideId "11602740"]
[BlackFideId "605506"]
[WhiteElo "2506"]
[BlackElo "2673"]
[Result "1-0"]
[Round "10"]
[TimeControl "180+1"]
[Date "2022.05.03"]
[WhiteClock "0:00:05"]
[BlackClock "0:00:07"]

1. d4 Nf6 2. c4 e6 3. Nc3 d5 4. Nf3 Be7 5. Bf4 O-O 6. e3 b6 7. cxd5 Nxd5 8. Nxd5 exd5 9. Bd3 c5 10. dxc5 bxc5 11. O-O Be6 12. Rc1 Nc6 13. Ne5 Nxe5 14. Bxe5 Rc8 15. Qa4 Bf6 16. Bxf6 Qxf6 17. b3 Rc7 18. Rc2 Rfc8 19. Ba6 Rd8 20. Rfc1 h6 21. Qa5 Rcd7 22. Rxc5 d4 23. exd4 Rxd4 24. Be2 Rd2 25. Bf3 Qd4 26. Rf1 Rxa2 27. Qxa2 Qxc5 28. h3 Rd3 29. b4 Qb6 30. Qa4 Rd8 31. b5 Rd4 32. Qa6 Qxa6 33. bxa6 Ra4 34. Be2 Bc4 35. Bxc4 Rxc4 36. Rd1 Rc6 37. Ra1 Kh7 38. Ra4 g5 39. Kh2 Kg6 40. g4 Kf6 41. f3 Ke5 42. Kg3 f6 43. h4 Ke6 44. h5 f5 45. Ra5 fxg4 46. Kxg4 Kf6 47. Ra4 Kf7 48. f4 gxf4 49. Kxf4 Ke7 50. Kf5 Kd7 51. Rg4 Kc7 52. Rg6 Rc5+ 53. Kg4 Rc4+ 54. Kg3 Rc3+ 55. Kf4 Rc4+ 56. Kf3 Rc3+ 57. Ke4 Rc6 58. Kd5 Rb6 59. Kc5 Rb1 60. Rxh6 Rc1+ 61. Kd5 Rd1+ 62. Ke5 Re1+ 63. Kd4 Rh1 64. Ke4 Rh4+ 65. Kf5 Rh1 66. Kg5 Rg1+ 67. Kf5 Rh1 68. Kg6 Rg1+ 69. Kf7 Rh1 70. Rh8 Kb6 71. h6 Kxa6 72. Kg6 Kb5 73. Rb8+ Ka4 74. h7 a5 75. h8=Q Rxh8 76. Rxh8 Kb3 77. Rb8+ Kc3 78. Ra8 Kb4 79. Kf5 a4 80. Ke4 a3 81. Kd3 Kb3 82. Rb8+ Ka2 83. Kc2 Ka1 84. Rh8 a2 85. Rh1# 1-0


[Site "https://www.chess.com"]

[Event "Titled Tuesday Blitz May 03 Early 2022"]
[White "Miszler, Levente"]
[Black "Osmak, Yuliia"]
[WhiteFideId "763276"]
[BlackFideId "14101602"]
[WhiteElo "1966"]
[BlackElo "2302"]
[Result "0-1"]
[Round "10"]
[TimeControl "180+1"]
[Date "2022.05.03"]
[WhiteClock "0:02:04"]
[BlackClock "0:02:22"]

1. Nf3 g6 2. g3 Bg7 3. Bg2 e5 4. d3 d5 5. O-O Ne7 6. e4 c6 7. Nbd2 O-O 8. Re1 d4 9. Qe2 c5 10. c3 Nbc6 11. cxd4 cxd4 12. Nc4 b5 13. Na3 a6 14. Bg5 Be6 15. Rac1 Rc8 16. h4 Bxa2 17. Bxe7 Qxe7 18. Qd2 Qb4 19. Rc2 Qxd2 20. Nxd2 Nb4 21. Rxc8 Rxc8 22. f4 Nxd3 23. Ra1 Rc1+ 24. Rxc1 Nxc1 0-1


[Site "https://www.chess.com"]

[Event "Titled Tuesday Blitz May 03 Early 2022"]
[White "Mohammadian, Mohammad"]
[Black "Van den Dikkenberg, Erik"]
[WhiteFideId "12566055"]
[BlackFideId "1005880"]
[WhiteElo "1544"]
[BlackElo "2118"]
[Result "0-1"]
[Round "10"]
[TimeControl "180+1"]
[Date "2022.05.03"]
[WhiteClock "0:00:41"]
[BlackClock "0:00:35"]

1. e4 c5 2. Nf3 d6 3. d4 cxd4 4. Nxd4 Nf6 5. Nc3 a6 6. Be2 e5 7. Nb3 Be7 8. Be3 O-O 9. O-O Be6 10. f4 Qc7 11. f5 Bc4 12. Bd3 Nbd7 13. Qe2 b5 14. a3 Rac8 15. Rac1 Rfe8 16. Rfd1 Nb6 17. Kh1 d5 18. exd5 Nbxd5 19. Nxd5 Bxd5 20. Qf2 Ng4 21. Qg3 Nxe3 22. Qxe3 Bc4 23. Qh3 f6 24. Qf3 Bxb3 25. cxb3 Qxc1 26. Rxc1 Rxc1+ 27. Bf1 Rd8 28. h3 Rdd1 29. Qa8+ Bf8 30. Qxa6 Rxf1+ 31. Kh2 Rf2 32. Qxb5 Rcc2 33. a4 Rxg2+ 34. Kh1 Rh2+ 35. Kg1 Bc5+ 36. Qxc5 Rxc5 37. Kxh2 Rc2+ 38. Kg3 Rxb2 39. b4 Rxb4 0-1


[Site "https://www.chess.com"]

[Event "Titled Tuesday Blitz May 03 Early 2022"]
[White "Molina, Roberto Junio Brito"]
[Black "Janaszak, Dawid"]
[WhiteFideId "2109450"]
[BlackFideId "1119206"]
[WhiteElo "2432"]
[BlackElo "2199"]
[Result "1/2-1/2"]
[Round "10"]
[TimeControl "180+1"]
[Date "2022.05.03"]
[WhiteClock "0:00:12"]
[BlackClock "0:00:13"]

1. d4 Nf6 2. e3 g6 3. Nf3 Bg7 4. Be2 O-O 5. O-O b6 6. c4 Bb7 7. Nc3 d5 8. cxd5 Nxd5 9. Bc4 e6 10. Qe2 Nd7 11. Rd1 N7f6 12. Bd2 Qe7 13. Rac1 Rfd8 14. Ne5 Nxc3 15. Bxc3 Ne4 16. Be1 c5 17. Nf3 Rac8 18. dxc5 Nxc5 19. Rxd8+ Rxd8 20. Bc3 Bxc3 21. Rxc3 Qf6 22. Ne1 Ne4 23. Rc2 Ng5 24. f3 h5 25. h4 Nh7 26. Qf2 Qe5 27. e4 Nf6 28. Bf1 Rd1 29. Rd2 Rxd2 30. Qxd2 Qc5+ 31. Kh2 Qe5+ 32. Kg1 Qc5+ 33. Qf2 Qa5 34. a3 Nd7 35. Nc2 Ne5 36. Qd4 Nc6 37. Qe3 Ba6 38. Bxa6 Qxa6 39. Qc3 Qb5 40. Kf2 e5 41. b3 f6 42. b4 Kg7 43. g4 hxg4 44. fxg4 Nd8 45. Ne3 Nf7 46. Qc4 Qxc4 47. Nxc4 Kf8 48. Ke3 Ke7 49. a4 Ke6 50. b5 Nd8 51. Kd3 Nb7 52. Nb2 Nc5+ 53. Ke3 f5 54. exf5+ gxf5 55. gxf5+ Kxf5 56. h5 Kg5 57. Nc4 Kxh5 58. Nxe5 Nxa4 59. Nc6 Nc3 60. Nxa7 Nxb5 61. Nxb5 Kg5 62. Kd4 Kf6 63. Kd5 Kg5 64. Kc6 Kg6 65. Kxb6 1/2-1/2


[Site "https://www.chess.com"]

[Event "Titled Tuesday Blitz May 03 Early 2022"]
[White "Nguyen, Hong Anh"]
[Black "Navalgund, Niranjan"]
[WhiteFideId "12406732"]
[BlackFideId "5030854"]
[WhiteElo "2016"]
[BlackElo "2290"]
[Result "1/2-1/2"]
[Round "10"]
[TimeControl "180+1"]
[Date "2022.05.03"]
[WhiteClock "0:00:57"]
[BlackClock "0:01:40"]

1. d4 Nf6 2. Nf3 b6 3. g3 Bb7 4. Bg2 g6 5. O-O Bg7 6. c4 O-O 7. d5 Na6 8. Nc3 Nc5 9. Be3 a5 10. Bd4 e6 11. Nd2 exd5 12. cxd5 d6 13. a3 Re8 14. b4 axb4 15. axb4 Ncd7 16. Qc2 Qc8 17. e3 c5 18. dxc6 Bxc6 19. Rxa8 Qxa8 20. Bxc6 Qxc6 21. Qa4 Qxa4 22. Nxa4 b5 23. Nc3 Rb8 24. Ra1 Ne5 25. Ra6 Ne8 26. Kg2 Nd3 27. Bxg7 Kxg7 28. Ra5 Nxb4 29. Nxb5 Nc6 30. Ra6 Nb4 31. Ra5 Nc6 32. Ra6 Nb4 33. Ra5 1/2-1/2


[Site "https://www.chess.com"]

[Event "Titled Tuesday Blitz May 03 Early 2022"]
[White "Nozdrachev, Leonid"]
[Black "Bifulco, Michel"]
[WhiteFideId "24113433"]
[BlackFideId "828580"]
[WhiteElo "2242"]
[BlackElo "2165"]
[Result "0-1"]
[Round "10"]
[TimeControl "180+1"]
[Date "2022.05.03"]
[WhiteClock "0:00:08"]
[BlackClock "0:00:08"]

1. e4 e5 2. Nf3 Nc6 3. Bc4 Nf6 4. d3 h6 5. O-O d6 6. Re1 g5 7. c3 Bg7 8. d4 g4 9. Nh4 Nxe4 10. Ng6 fxg6 11. d5 Na5 12. Bd3 Nf6 13. b4 Bf5 14. bxa5 O-O 15. c4 e4 16. Bf1 Kh7 17. Be3 Nxd5 18. Qxd5 Bxa1 19. Qxb7 Be5 20. Nd2 Rb8 21. Qxa7 Rb2 22. a3 Bc3 23. Rd1 g3 24. hxg3 Bg4 25. Bd4 Rxd2 26. Rxd2 Bxd2 27. a6 e3 28. Bxe3 Bxe3 29. Qxe3 Qe8 30. Qd4 Bd7 31. a7 Bc6 32. c5 Qe4 33. Qb2 Qe5 34. Qb8 Qe7 35. cxd6 cxd6 36. a4 Kg7 37. a5 Qe8 38. Qxd6 Qd7 39. Qe5+ Kh7 40. Qb8 Rd8 41. Qb6 Ba8 42. Qb8 Qd5 43. Qc7+ Qd7 44. Qb8 Qe8 45. Qb6 Rc8 46. g4 Qf8 47. Qd4 Rd8 48. Qb6 Re8 49. Qc7+ Qg7 50. Qb6 Qe7 51. Qb8 Rf8 52. Qb6 Qf7 53. Qb8 Qxf2+ 54. Kh2 Qf4+ 55. Qxf4 Rxf4 56. Be2 Rf7 57. a6 Rxa7 58. Bb5 Bd5 59. Kg3 Be6 60. Kf4 Bc8 61. Be2 Bxa6 62. Bf3 Bb7 63. Be2 Ra2 64. Bd3 Rxg2 65. Ke3 Rxg4 66. Bb5 Rg5 67. Bd7 Rd5 68. Kf4 Rxd7 69. Ke5 Rf7 70. Ke6 h5 71. Kd6 h4 72. Ke6 Rf8 73. Ke7 Rf1 74. Ke6 h3 75. Kd6 h2 76. Kc7 h1=Q 77. Kb6 Qc6+ 78. Ka7 Ra1+ 79. Kb8 Ra8# 0-1


[Site "https://www.chess.com"]

[Event "Titled Tuesday Blitz May 03 Early 2022"]
[White "Oparin, Grigoriy"]
[Black "Xu, Yi"]
[WhiteFideId "24125890"]
[BlackFideId "8605564"]
[WhiteElo "2665"]
[BlackElo "2471"]
[Result "1-0"]
[Round "10"]
[TimeControl "180+1"]
[Date "2022.05.03"]
[WhiteClock "0:00:29"]
[BlackClock "0:00:01"]

1. d4 Nf6 2. c4 e6 3. Nf3 d5 4. g3 Be7 5. Bg2 O-O 6. Qc2 c5 7. dxc5 Qa5+ 8. Nc3 dxc4 9. O-O Nc6 10. Bg5 Qxc5 11. Bxf6 gxf6 12. Rfd1 f5 13. e4 Bf6 14. exf5 Qxf5 15. Qe2 Qg6 16. Qxc4 e5 17. Nd5 Be6 18. Qb5 Rab8 19. h4 Bxd5 20. Rxd5 Rfd8 21. Rxd8+ Rxd8 22. Qxb7 e4 23. Qxc6 exf3 24. Qxf3 Bxb2 25. Re1 Bd4 26. Re4 h5 27. Bf1 Bb6 28. Bd3 Kg7 29. Rd4 Qf6 30. Rf4 Qe6 31. Kg2 Rd4 32. Rxd4 Bxd4 33. Qxh5 Kf8 34. Qe2 Qxe2 35. Bxe2 Kg7 36. Bd3 Bc3 37. f4 Be1 38. Kf3 a5 39. Kg4 Kh6 40. Kh3 f6 41. g4 Bf2 42. g5+ fxg5 43. fxg5+ Kh5 44. Be2+ Kg6 45. Kg4 Be3 46. h5+ Kg7 47. Bd3 Bd2 48. h6+ Kf7 49. Kh5 Kg8 50. g6 Be3 51. Bc4+ Kh8 52. g7+ Kh7 53. g8=Q# 1-0


[Site "https://www.chess.com"]

[Event "Titled Tuesday Blitz May 03 Early 2022"]
[White "Paravyan, David"]
[Black "Lorparizangeneh, Shahin"]
[WhiteFideId "4194985"]
[BlackFideId "12521604"]
[WhiteElo "2569"]
[BlackElo "2525"]
[Result "1-0"]
[Round "10"]
[TimeControl "180+1"]
[Date "2022.05.03"]
[WhiteClock "0:02:25"]
[BlackClock "0:00:09"]

1. e4 c6 2. d4 d5 3. e5 Bf5 4. Nf3 e6 5. Be2 Be7 6. O-O Bg6 7. c4 Nh6 8. Bxh6 gxh6 9. Nc3 O-O 10. h3 Nd7 11. cxd5 cxd5 12. Bd3 Rc8 13. Rc1 Qb6 14. Bxg6 hxg6 15. Qd2 Kg7 16. Ne2 Qb4 17. Qxb4 Bxb4 18. Nf4 Nb6 19. Nd3 Be7 20. Rfe1 a5 21. Kf1 a4 22. Ke2 Nc4 23. b3 axb3 24. axb3 Na5 25. b4 Nb3 26. Rxc8 Rxc8 27. Nc5 Bxc5 28. bxc5 Ra8 29. Rb1 Ra2+ 30. Kd3 Na5 31. Nd2 Ra3+ 32. Kc2 Nc6 33. Nf3 Ra2+ 34. Rb2 Rxb2+ 35. Kxb2 g5 36. Kb3 Kg6 37. g4 f6 38. Ka4 f5 39. Kb5 fxg4 40. hxg4 h5 41. gxh5+ Kxh5 42. Kb6 Kg4 43. Kxb7 Kxf3 44. Kxc6 Kxf2 45. Kd6 g4 46. c6 g3 47. c7 g2 48. c8=Q g1=Q 49. Qxe6 Ke3 50. Qxd5 Kd3 51. e6 Qg6 52. Qe5 Qe8 53. e7 Qb8+ 54. Ke6 Qg8+ 55. Kd7 Qf7 56. d5 Kc4 57. d6 Kb4 58. Kd8 1-0


[Site "https://www.chess.com"]

[Event "Titled Tuesday Blitz May 03 Early 2022"]
[White "Peterson, Eric"]
[Black "Harish, Neeraj"]
[WhiteFideId "14908395"]
[BlackFideId "30958130"]
[WhiteElo "2195"]
[BlackElo "1574"]
[Result "0-1"]
[Round "10"]
[TimeControl "180+1"]
[Date "2022.05.03"]
[WhiteClock "0:00:06"]
[BlackClock "0:00:10"]

1. e4 c5 2. d4 cxd4 3. c3 Nf6 4. e5 Nd5 5. Qxd4 e6 6. Nf3 Nc6 7. Qe4 f5 8. Qe2 b5 9. g3 a5 10. Bg2 Ba6 11. Nh4 g6 12. Nxf5 Nxc3 13. bxc3 exf5 14. O-O b4 15. c4 Bg7 16. Bb2 O-O 17. Re1 Rc8 18. Bd5+ Kh8 19. Nd2 Ne7 20. Bg2 a4 21. Rac1 a3 22. Ba1 Qb6 23. Nb3 Rc7 24. Qd2 Bxc4 25. Bd4 Qb8 26. e6 Bxe6 27. Bxg7+ Kxg7 28. Qd4+ Kg8 29. Nc5 Rxc5 30. Rxc5 b3 31. axb3 a2 32. Ra5 Qxb3 33. Ra1 Qb1+ 34. Bf1 Nc6 35. Rb5 Nxd4 36. Rbxb1 axb1=Q 37. Rxb1 Rc8 38. Rd1 Kf7 39. f4 Ke7 40. Kf2 Nc6 41. Bd3 Rb8 42. Rc1 Rb2+ 43. Kg1 Rb3 44. Be2 Re3 45. Kf2 Rxe2+ 46. Kxe2 Nd4+ 47. Kf2 Nb3 48. Rd1 d5 49. Ke3 d4+ 50. Kd3 Kd6 51. Rb1 Kc5 52. Rb2 Bc4+ 53. Kc2 d3+ 54. Kc3 d2 55. Rb1 Be2 56. Kxb3 d1=Q+ 57. Rxd1 Bxd1+ 58. Kc3 Bg4 59. Kd2 Kd4 60. Ke1 Ke3 61. Kf1 Kf3 62. Kg1 h5 63. Kh1 h4 64. gxh4 Kxf4 65. Kg1 Ke3 66. Kg2 f4 67. Kf1 f3 68. Kg1 f2+ 69. Kf1 Bh3# 0-1


[Site "https://www.chess.com"]

[Event "Titled Tuesday Blitz May 03 Early 2022"]
[White "Piesik, Piotr"]
[Black "Cherniaiev, Tykhon"]
[WhiteFideId "1136194"]
[BlackFideId "14182360"]
[WhiteElo "2190"]
[BlackElo "2289"]
[Result "1-0"]
[Round "10"]
[TimeControl "180+1"]
[Date "2022.05.03"]
[WhiteClock "0:00:14"]
[BlackClock "0:00:16"]

1. Nf3 Nf6 2. g3 d5 3. Bg2 c6 4. O-O e6 5. d3 Be7 6. Nbd2 O-O 7. e4 Nbd7 8. Qe2 dxe4 9. dxe4 e5 10. a4 Qc7 11. b3 Re8 12. Bb2 Bf8 13. Nc4 b5 14. axb5 cxb5 15. Ne3 Bb7 16. Qxb5 Bxe4 17. Qa5 Qb7 18. Nh4 Bxg2 19. Nhxg2 Bb4 20. Qa6 Qf3 21. Nh4 Qh5 22. Kg2 Bc5 23. Nef5 e4 24. Bxf6 Nxf6 25. Rfe1 e3 26. fxe3 Bb6 27. Qe2 Qxe2+ 28. Rxe2 g6 29. Nd6 Rxe3 30. Rxe3 Bxe3 31. Nf3 Bc5 32. Nc4 Re8 33. Re1 Rd8 34. Re5 Bf8 35. Ra5 Rd7 36. Nfe5 Rc7 37. Ra6 Nd5 38. Nd3 f5 39. Kf3 Rd7 40. Nce5 Rc7 41. c4 Nb6 42. Ra5 Bd6 43. Rb5 Kf8 44. Ke3 Nd7 45. Nxd7+ Rxd7 46. c5 Bc7 47. Ke2 Ke7 48. Rb7 Bd8 49. Rxd7+ Kxd7 50. Ne5+ Ke6 51. Nc6 Bc7 52. Nxa7 Kd5 53. b4 Kc4 54. Nc6 Kb5 55. Ne7 Kxb4 56. Nd5+ Kxc5 57. Nxc7 Kd4 58. Kf3 Ke5 59. Nb5 g5 60. Nc3 h5 61. h4 f4 62. gxf4+ gxf4 63. Ne2 Kf5 64. Nxf4 Kf6 65. Nxh5+ Kg6 66. Kg4 Kh6 67. Ng3 Kg6 68. h5+ Kh6 69. Nf5+ Kh7 70. Kg5 Kh8 71. h6 Kg8 72. Kg6 Kh8 73. Nd6 Kg8 74. h7+ Kf8 75. Nf7 Ke7 76. h8=Q Ke6 77. Qf6+ Kd7 78. Qd6+ Kc8 79. Qe7 Kb8 80. Nd6 Ka8 81. Qb7# 1-0


[Site "https://www.chess.com"]

[Event "Titled Tuesday Blitz May 03 Early 2022"]
[White "Polster, Christian"]
[Black "Itkis, Boris"]
[WhiteFideId "12965081"]
[BlackFideId "1209167"]
[WhiteElo "2281"]
[BlackElo "2207"]
[Result "1-0"]
[Round "10"]
[TimeControl "180+1"]
[Date "2022.05.03"]
[WhiteClock "0:00:15"]
[BlackClock "0:00:06"]

1. e4 c5 2. Nc3 g6 3. Nf3 Nc6 4. d4 cxd4 5. Nxd4 Bg7 6. Be3 Nf6 7. Bc4 Qa5 8. O-O Qb4 9. Bb3 Nxe4 10. Nxc6 bxc6 11. a3 Nxc3 12. Qf3 Qxb3 13. cxb3 Nd5 14. Rad1 O-O 15. Bd4 e5 16. Bc5 Re8 17. Rxd5 cxd5 18. Qxd5 Ba6 19. Rd1 Bb5 20. b4 Bc6 21. Qc4 d5 22. Qc2 Re6 23. a4 a6 24. b3 d4 25. Qc4 Rd8 26. Qxa6 Bxg2 27. Qa5 Ra8 28. Kxg2 Rxa5 29. bxa5 Ra6 30. b4 f5 31. Bb6 Bf8 32. b5 Ra8 33. a6 Kf7 34. Rc1 Ke6 35. a7 d3 36. a5 Bd6 37. a6 Kd7 38. f3 e4 39. fxe4 fxe4 40. Be3 g5 41. b6 d2 42. Rd1 Bf4 43. Rxd2+ Ke6 44. Bxf4 gxf4 45. b7 Rxa7 46. b8=Q Rg7+ 47. Kf2 e3+ 48. Kf3 exd2 49. Qb3+ Kf5 50. Qd3+ Kg5 51. Qxd2 Re7 52. Qxf4+ Kg6 53. Qg4+ Kh6 54. Qh4+ Kg6 55. Qxe7 h5 56. h4 Kf5 57. Qg5+ Ke6 58. a7 Kd6 59. a8=Q Kc7 60. Qe7+ Kb6 61. Qb8+ Ka5 62. Qeb4+ Ka6 63. Q4b6# 1-0


[Site "https://www.chess.com"]

[Event "Titled Tuesday Blitz May 03 Early 2022"]
[White "Popadic, Dragan"]
[Black "Khabinets, Ivan"]
[WhiteFideId "913650"]
[BlackFideId "14115980"]
[WhiteElo "2203"]
[BlackElo "2114"]
[Result "0-1"]
[Round "10"]
[TimeControl "180+1"]
[Date "2022.05.03"]
[WhiteClock "0:00:06"]
[BlackClock "0:01:35"]

1. e4 c5 2. Nc3 Nc6 3. f4 e6 4. Nf3 Nf6 5. Bb5 Qc7 6. Bxc6 Qxc6 7. d3 d5 8. Qe2 Be7 9. Ne5 Qc7 10. O-O O-O 11. Bd2 b6 12. exd5 Nxd5 13. Ne4 Bb7 14. Qh5 Nf6 15. Nxf6+ Bxf6 16. Bc3 g6 17. Qh3 h5 18. Qg3 Kg7 19. Rae1 b5 20. b3 a5 21. Ba1 a4 22. Kh1 axb3 23. axb3 Ra2 24. Qf2 Rfa8 25. Rc1 Qa5 26. Qg1 h4 27. h3 Qd2 28. Nf3 Bxf3 29. Bxf6+ Kxf6 30. Rxf3 Rxc2 31. Rxc2 Qxc2 32. Qe1 Ra2 33. Qe5+ Ke7 34. Qc7+ Kf8 0-1


[Site "https://www.chess.com"]

[Event "Titled Tuesday Blitz May 03 Early 2022"]
[White "Preotu, Razvan"]
[Black "Pranav, V"]
[WhiteFideId "2613280"]
[BlackFideId "25060783"]
[WhiteElo "2407"]
[BlackElo "2349"]
[Result "0-1"]
[Round "10"]
[TimeControl "180+1"]
[Date "2022.05.03"]
[WhiteClock "0:00:01"]
[BlackClock "0:00:42"]

1. e4 e5 2. Nf3 Nc6 3. Bc4 Nf6 4. d3 h6 5. O-O d6 6. a4 g5 7. a5 Rg8 8. c3 a6 9. d4 Bg4 10. Qb3 Qd7 11. Qxb7 Ra7 12. Qb3 Bxf3 13. gxf3 exd4 14. cxd4 Nd8 15. e5 Nh5 16. Re1 dxe5 17. Rxe5+ Be7 18. Nc3 Kf8 19. Ne4 Nc6 20. Rd5 Qh3 21. Bf1 Qe6 22. Nc5 Bxc5 23. dxc5 Nf4 24. Bxf4 gxf4+ 25. Kh1 Ra8 26. Qc4 Qf6 27. Re1 Qxb2 28. Qe2 Qc3 29. Rf5 Rg5 30. Rxf4 Re5 31. Re4 Rae8 32. Bg2 f5 33. Rd1 fxe4 0-1


[Site "https://www.chess.com"]

[Event "Titled Tuesday Blitz May 03 Early 2022"]
[White "Prraneeth Vuppala"]
[Black "Ramirez Vido, Robert Yorisan"]
[WhiteFideId "46622373"]
[BlackFideId "3513823"]
[WhiteElo "1958"]
[BlackElo "2324"]
[Result "0-1"]
[Round "10"]
[TimeControl "180+1"]
[Date "2022.05.03"]
[WhiteClock "0:00:10"]
[BlackClock "0:00:38"]

1. e4 d6 2. d4 Nf6 3. Nc3 g6 4. Be3 c6 5. Qd2 b5 6. Bd3 Nbd7 7. Nf3 Ng4 8. O-O Nxe3 9. fxe3 Bg7 10. a4 b4 11. Ne2 a5 12. c3 c5 13. Bc4 O-O 14. Ng3 Nb6 15. Bb3 c4 16. Bc2 b3 17. Bd1 Bd7 18. Be2 Qc7 19. Ra3 Nxa4 20. Rfa1 Nb6 21. h4 a4 22. h5 d5 23. exd5 Qxg3 24. e4 Bh3 25. Bf1 Bg4 26. Nh2 gxh5 27. Be2 Bxe2 28. Qxe2 h4 29. Kh1 h3 30. Rg1 Kh8 31. gxh3 Qxh3 32. Qf2 Bh6 33. Raa1 Be3 34. Qf1 Qxf1 35. Rgxf1 a3 36. bxa3 b2 37. Rab1 Bc1 38. Nf3 Rxa3 39. Ne5 Ra1 0-1


[Site "https://www.chess.com"]

[Event "Titled Tuesday Blitz May 03 Early 2022"]
[White "Quirke, Jeffrey"]
[Black "Lucas, Arthur"]
[WhiteFideId "2013029"]
[BlackFideId "26093073"]
[WhiteElo "2084"]
[BlackElo "2129"]
[Result "0-1"]
[Round "10"]
[TimeControl "180+1"]
[Date "2022.05.03"]
[WhiteClock "0:00:01"]
[BlackClock "0:00:04"]

1. d4 d5 2. c4 e6 3. Nc3 a6 4. cxd5 exd5 5. Qb3 c5 6. Nxd5 Be6 7. e4 Nc6 8. Nf3 b5 9. dxc5 Bxc5 10. Be2 Nge7 11. Qc2 Bxd5 12. exd5 Qxd5 13. O-O O-O 14. Rd1 Qh5 15. Nd4 Nxd4 16. Rxd4 Qe5 17. Re4 Qc7 18. Be3 Rfc8 19. Rc1 Bxe3 20. Qxc7 Bxc1 21. Qxe7 Bxb2 22. g3 Bf6 23. Qd7 Rd8 24. Qf5 Rd6 25. Kg2 Rad8 26. Bf3 g6 27. Qf4 Kg7 28. h4 h5 29. Qe3 Rd3 30. Qb6 R3d6 31. Qb7 R8d7 32. Qb8 Rd8 33. Qa7 R8d7 34. Qe3 Rd3 35. Qe1 R3d6 36. Be2 Rd2 37. Bf3 R2d3 38. Be2 R3d6 39. Bf3 Rd3 40. Re3 R3d6 41. Re2 Rd1 42. Re3 Rxe1 43. Rxe1 Rd4 44. Re4 Rd2 45. a4 Bd4 46. axb5 Rxf2+ 0-1


[Site "https://www.chess.com"]